 Dungeon Crawl Stone Soup version 0.27-a0-1158-gaa87e14f67 (webtiles) character file.

Game seed: 10333439728127257572

50 wafflestompin the Sneak (level 3, 0/16 HPs)
             Began as a Spriggan Enchanter on May 16, 2021.
             Slain by a worm (8 damage)
             ... on level 2 of the Dungeon.
             The game lasted 00:09:18 (2479 turns).

wafflestompin the Sneak (Spriggan Enchanter)        Turns: 2479, Time: 00:09:19

Health: 0/16       AC:  2    Str:  4    XL:     3   Next: 55%
Magic:  7/8        EV: 17    Int: 17    God:
Gold:   35         SH:  0    Dex: 15    Spells: 5/8 levels left

rFire    . . .     SeeInvis +   a - +1 dagger
rCold    . . .     Faith    .   (shield restricted)
rNeg     . . .     Spirit   .   b - +0 robe
rPois    .         Reflect  .   (helmet restricted)
rElec    .         Harm     .   (no cloak)
rCorr    .         Rampage  .   (gloves unavailable)
Will     .....                  (boots unavailable)
Stlth    +++.......             (no amulet)
HPRegen  0.05/turn              (no ring)
MPRegen  0.11/turn              (no ring)

@: very quick
A: very small, no large weapons, unfitting armour, see invisible, speed 3
a: no special abilities


You were on level 2 of the Dungeon.
You visited 1 branch of the dungeon, and saw 3 of its levels.

You collected 35 gold pieces.

Inventory:

Hand Weapons
 a - a +1 dagger (weapon)
 i - a +1 vorpal hunting sling
Armour
 b - a +0 robe (worn)
Jewellery
 c - a ring of fire
Scrolls
 e - a scroll of fear {unknown}
 j - a scroll of identify {unknown}
Potions
 d - a potion of heal wounds {unknown}
 f - a potion of mutation {unknown}
 g - a potion of resistance {unknown}
 h - a potion of cancellation {unknown}


   Skills:
 + Level 0.1 Fighting
 + Level 1.2(1.3) Short Blades
 * Level 0.3(0.7) Long Blades
 + Level 2.8 Dodging
 * Level 5.6 Stealth
 + Level 3.1 Spellcasting
 * Level 4.2 Hexes
 + Level 0.1 Ice Magic


You had 5 spell levels left.
You knew the following spells:

 Your Spells              Type           Power      Damage    Failure   Level
a - Corona                Hex            18%        N/A       3%          1
b - Ensorcelled Hibernat  Hex/Ice        20%        N/A       11%         2

Your spell library contained the following spells:

 Spells                   Type           Power      Damage    Failure   Level
 Confusing Touch          Hex            17%        N/A       9%          3
 Tukima's Dance           Hex            17%        N/A       9%          3
 Animate Skeleton         Necr           4%         N/A       17%         1
 Apportation              Tloc           4%         N/A       17%         1
 Summon Small Mammal      Summ           8%         N/A       17%         1
 Dazzling Flash           Conj/Hex       18%        N/A       22%         3


Dungeon Overview and Level Annotations

Branches:
Dungeon (3/15)

Altars:


Innate Abilities, Weirdness & Mutations

You are very small and have problems with some larger weapons.
You are too small for most types of armour.
You have supernaturally acute eyesight. (SInv)
You cover ground extremely quickly. (Speed+++)


Message History

The ball python barely misses you. The ball python constricts you.
You completely miss the ball python.
The ball python is severely wounded.
The ball python bites you. The ball python constricts you.
You hit the ball python.
You kill the ball python!
You start resting.
HP restored.
There is a stone staircase leading down here.
You climb downwards.
An orc comes into view. It is wielding a +0 flail.
The orc shouts!
You hear a bark! x2
There is a stone staircase leading up here.
You climb upwards.
There is a stone staircase leading down here.
There is a stone staircase leading down here.
You climb downwards.
There is a stone staircase leading up here.
You climb upwards.
There is a stone staircase leading down here.
A goblin comes into view. It is wielding a +0 dagger.
A worm comes into view.
The helpless goblin fails to defend itself.
You impale the goblin!!
You kill the goblin!
Aiming: Corona (safe; 3% risk of failure)
Press: ? - help, Q - select action, (/) - cycle Shift-Dir - straight line, f - worm
Aim: a worm (chance to affect: 63%)
The worm is outlined in light.
You see here a +0 dagger.
An adder comes into view.
The worm bites you!
Ouch! That really hurt!
You hit the worm.
The worm is lightly wounded.
You hit the worm.
The worm is lightly wounded.
The adder bites you but does no damage. The worm bites you!
Ouch! That really hurt!
You die...

######.# #.
###......# #.
..#.###..# #.
#.#.#>...#######.
#.#.#.#..........
#.#..>..##.....##
##
#.###.######.....
##...###S###.#
######
......w@..)..#
.#...######### ##


You could see a worm (corona) and an adder.

Vanquished Creatures
  An adder (D:2)
  2 dart slugs
  3 bats
  2 endoplasms
  A giant cockroach (D:2)
  4 goblins
  2 hobgoblins (D:1)
  6 jackals (D:1)
  A quokka (D:1)
  2 ball pythons (D:2)
  5 frilled lizards (D:1)
  2 kobolds (D:1)
  5 rats
36 creatures vanquished.

Notes
Turn   | Place    | Note
-------+----------+-------------------------------------------
     0 | D:1      | wafflestompin the Spriggan Enchanter began the quest for
                  | the Orb.
     0 | D:1      | Reached XP level 1. HP: 9/9 MP: 5/5
   429 | D:1      | Reached XP level 2. HP: 9/13 MP: 7/7
   744 | D:1      | Learned a level 2 spell: Ensorcelled Hibernation
  1183 | D:1      | Reached skill level 5 in Stealth
  1843 | D:1      | Reached XP level 3. HP: 16/16 MP: 8/8
  2479 | D:2      | Slain by a worm

Illustrated notes

Levels and vault maps discovered:
D:1:      psy_arrival_basics, layout_loops_corners, kennysheep_pointless_box
D:2:      layout_loops_ring, eino_tiny_chamber
D:3:      layout_loops_ring, overflow_temple_1_default, marbit_many_paths,
          shapermc_ecumenical_altar_mp_ritualfount

Skill      XL: |  1  2 |
---------------+-------+-----
Spellcasting   | 3 |  3.1
Hexes          | 4 |  4.2
Stealth        | 5 |  5.6
Fighting       | |  0.1
Short Blades   | |  1.2
Long Blades    | |  0.3
Dodging        | |  2.8
Ice Magic      | |  0.1

Action                   || total
-------------------------++-------
Melee: Dagger            ||    95
 Cast: Ensorcelled Hiber ||    24
       Corona            ||     1
 Stab: Sleeping          ||    24
       Distracted        ||     1
Armor: Robe              ||    18
Dodge: Dodged            ||    94

Table legend: (Time is in decaauts)
 A = Elapsed time spent in this place.
 B = Non-inter-level travel time spent in this place.
 C = Inter-level travel time spent in this place.
 D = Time resting spent in this place.
 E = Time spent auto-exploring this place.
 F = Levels seen in this place.
 G = Mean time per level.
                   A        B        C        D        E       F      G
               +--------+--------+--------+--------+--------+-----+--------+
         Total |   1982 |   1964 |     18 |    755 |    742 |   3 |  660.7 |
       Dungeon |   1982 |   1964 |     18 |    755 |    742 |   3 |  660.7 |
               +--------+--------+--------+--------+--------+-----+--------+

Top non-repeatable levels by time:
     D:1: 1503 daAuts
     D:2: 474 daAuts
     D:3: 4 daAuts
